Map: [ESL] Post-Youth

Players

SpeCial

  • Race: Terran Terran
  • Spawn Location: 7:00

Future - Winner!

  • Race: Terran Terran
  • Spawn Location: 1:00

Event: ESL SC2 Masters 2024 Spring (Regional)

VOD

Have the link to the VOD?

Description

Time

  • Played on: April 20, 2024, 11:12 a.m.
  • Length: 9:19

All games in this series

Show
View Real Time Build Order
Export as new Build Order

SpeCial Terran 

Build Orders:  

Get SALT Encoding   

  12  0:00  SCV  
  13  0:14  Supply Depot  
  13  0:18  SCV  
  14  0:37  Barracks  
  14  0:42  Refinery  
  14  0:56  Barracks  
  14  1:01  SCV  
  15  1:13  SCV  
  16  1:26  Reaper  
  16  1:28  Orbital Command  
  17  1:35  Refinery  
  17  1:45  Reaper  
  18  1:54  SCV  
  19  2:02  Reaper  
  19  2:06  SCV  
  20  2:11  Supply Depot  
  20  2:17  Reaper  
  20  2:21  SCV  
  22  2:34  Reaper  
  22  2:40  SCV  
  23  2:48  Factory  
  23  2:50  Reaper  
  23  2:55  SCV  
  24  3:08  SCV, Reaper  
  24  3:20  SCV  
  24  3:22  Reaper  
  25  3:32  Cyclone, Supply Depot  
  27  3:34  SCV  
  28  3:46  SCV  
  29  3:55  Command Center  
  28  4:01  SCV  
  27  4:07  Reaper x2  
  27  4:11  Cyclone  
  27  4:14  SCV  
  29  4:24  Starport  
  29  4:28  SCV  
  30  4:40  SCV  
  31  4:49  Factory Tech Lab  
  31  4:52  SCV  
  32  5:04  SCV  
  32  5:06  Viking  
  34  5:07  Siege Tank  
  34  5:09  Orbital Command  
  37  5:16  SCV  
  38  5:23  Starport  
  39  5:28  SCV  
  39  5:35  SCV  
  40  5:36  Refinery  
  40  5:39  Viking  
  40  5:40  SCV  
  43  5:47  SCV  
  43  5:49  Barracks Reactor  
  44  5:52  SCV  
  44  5:54  Siege Tank  
  48  5:59  SCV  
  48  6:01  Refinery  
  49  6:04  SCV  
  49  6:08  Viking  
  49  6:10  Supply Depot  
  52  6:11  SCV  
  52  6:16  SCV  
  54  6:20  Supply Depot  
  54  6:31  SCV x2  
  56  6:33  Supply Depot  
  56  6:38  Viking x2  
  60  6:41  Liberator  
  60  6:43  SCV  
  63  6:50  SCV  
  63  6:51  Siege Tank  
  63  6:54  Supply Depot  
  67  6:56  SCV  
  67  7:02  SCV  
  68  7:11  Supply Depot  
  68  7:16  SCV  
  68  7:17  SCV  
  68  7:20  Command Center  
  68  7:21  Liberator  
  73  7:25  Liberator  
  75  7:33  Liberator  
  75  7:34  SCV x2  
  80  7:43  Siege Tank  
  83  7:49  SCV x2  
  85  7:54  Supply Depot x2  
  85  8:04  Liberator  
  88  8:10  Liberator  
  86  8:16  Viking  
  86  8:17  SCV  
  86  8:18  SCV  
  90  8:25  Siege Tank  
  85  8:39  Supply Depot  
  85  8:45  Viking  
  85  8:47  Viking  
Show
View Real Time Build Order
Export as new Build Order

Future Terran - Winner!

Build Orders:  

Get SALT Encoding   

  12  0:00  SCV  
  13  0:12  SCV  
  14  0:17  Supply Depot  
  14  0:24  SCV  
  15  0:39  SCV  
  15  0:40  Barracks  
  16  0:45  Refinery  
  16  0:51  SCV  
  16  0:53  Refinery  
  17  1:03  SCV  
  18  1:15  SCV  
  19  1:28  Orbital Command, Reaper  
  20  1:42  Factory  
  20  1:43  Supply Depot  
  20  1:53  SCV  
  21  2:00  Reaper  
  22  2:05  SCV  
  23  2:17  SCV  
  23  2:22  Supply Depot  
  24  2:26  Hellion  
  24  2:29  SCV  
  26  2:32  Reaper  
  26  2:42  SCV  
  27  2:47  Hellion  
  27  2:49  Starport  
  28  2:54  SCV  
  29  3:04  Marine  
  27  3:09  Hellion  
  27  3:11  SCV  
  29  3:23  Marine  
  29  3:26  Medivac  
  32  3:28  SCV  
  32  3:31  Hellion  
  35  3:35  Command Center  
  35  3:43  SCV  
  36  3:55  SCV  
  37  3:56  Factory Tech Lab  
  37  3:57  Barracks Reactor  
  35  4:03  Starport Tech Lab  
  35  4:07  SCV  
  33  4:18  Siege Tank  
  33  4:19  SCV  
  33  4:23  Raven  
  37  4:29  Supply Depot  
  37  4:32  SCV  
  37  4:33  Refinery  
  37  4:34  Marine  
  39  4:47  SCV, Marine  
  39  4:52  Marine  
  42  4:53  Siege Tank  
  45  5:03  Orbital Command  
  45  5:04  SCV  
  45  5:06  Marine  
  46  5:10  Raven, Marine  
  49  5:16  SCV  
  50  5:26  Siege Tank  
  54  5:28  SCV  
  54  5:32  SCV, Command Center  
  55  5:36  Marine x2  
  55  5:39  Interference Matrix  
  55  5:40  SCV  
  58  5:45  SCV  
  58  5:47  Supply Depot  
  58  5:48  Supply Depot  
  59  5:51  Raven  
  59  5:52  SCV  
  62  6:09  SCV x2, Siege Tank, Marine x2  
  62  6:10  Supply Depot  
  69  6:12  Supply Depot  
  69  6:21  SCV x2  
  69  6:24  Refinery  
  71  6:26  Marine x2  
  71  6:31  Supply Depot  
  73  6:35  SCV x2  
  73  6:39  Barracks  
  75  6:42  Barracks  
  68  6:52  SCV  
  68  6:54  SCV, Orbital Command  
  66  6:59  Stimpack, Marine  
  66  7:01  Siege Tank, Viking x2  
  71  7:06  SCV x2  
  77  7:10  Barracks  
  77  7:12  Barracks  
  77  7:18  SCV x2  
  79  7:31  Viking x2  
  79  7:33  Siege Tank  
  79  7:36  SCV x2  
  88  7:37  SCV, Barracks Reactor x2  
  88  7:39  Marine  
  90  7:51  SCV x2  
  92  7:52  Supply Depot  
  92  7:57  Marine  
  93  7:59  Marine x2  
  93  8:04  Engineering Bay  
  95  8:10  Orbital Command  
  91  8:12  Siege Tank  
  91  8:14  SCV x2, Marine  
  91  8:17  Marine x2  
  96  8:25  Marine x2  
  96  8:26  SCV x2  
  100  8:32  Marine x3  
  100  8:34  Medivac x2, Marine  
  105  8:38  SCV  
  105  8:40  Engineering Bay  
  105  8:41  SCV  
  108  8:45  Marine  
  108  8:46  Marine x2  
  111  8:50  Marine  
  115  9:00  Marine  
Tags
 
Add a new tag
Caveats
  • Supply blocks, unpowered buildings, or Contaminate may cause inaccurate times.
  • Supply counts are checked every 10 seconds.